 Dungeon Crawl Stone Soup version 0.19-a0-1637-gfc13266 (webtiles) character file.

63 Goblin1989 the Sneak (level 3, -1/27 HPs)
             Began as a Demonspawn Assassin on Sept 19, 2016.
             Slain by a bullfrog (3 damage)
             ... on level 3 of the Dungeon.
             The game lasted 00:04:46 (2037 turns).

Goblin1989 the Sneak (Demonspawn Assassin)          Turns: 2037, Time: 00:04:47

Health: -1/27      AC:  3    Str: 12    XL:     3   Next: 87%
Magic:  3/3        EV: 11    Int: 12    God:
Gold:   76         SH:  0    Dex: 14    Spells: 0 memorised, 2 levels left

rFire  . . .     SeeInvis .     a - +2 dagger
rCold  . . .     Gourm    .     c - +0 robe
rNeg   . . .     Faith    .     (no shield)
rPois  .         Spirit   .     (helmet restricted)
rElec  .         Dismiss  .     d - +0 cloak
rCorr  .         Reflect  .     (no gloves)
MR     .....     Harm     .     (no boots)
Stlth  +++.......               (no amulet)
                                (no ring)
                                t - ring of stealth

@: no status effects
A: antennae 1, hooves 1
a: no special abilities


You were on level 3 of the Dungeon.
You were not hungry.

You visited 1 branch of the dungeon, and saw 3 of its levels.

You collected 76 gold pieces.

Inventory:

Hand Weapons
 a - a +2 dagger (weapon)
 b - a +0 blowgun
Missiles
 e - 8 poisoned needles
 f - 2 curare-tipped needles
Armour
 c - a +0 robe (worn)
 d - a +0 cloak (worn)
 h - a +0 ring mail
Jewellery
 t - a ring of stealth (left hand)
Scrolls
 j - a scroll of enchant weapon {unknown}
 o - a scroll of blinking {unknown}
 s - a scroll of noise {unknown}
Potions
 i - a potion of invisibility {unknown}
 k - a potion of brilliance {unknown}
 m - a potion of lignification {unknown}
 n - a potion of haste {unknown}
 q - a potion of might {unknown}
Comestibles
 g - a bread ration
 l - 2 beef jerkies
 p - a slice of pizza
 r - a chunk of flesh


   Skills:
 - Level 2.0 Fighting
 - Level 2.3 Short Blades
 - Level 1.7 Throwing
 - Level 0.8 Dodging
 - Level 3.7 Stealth
 + Level 2.6 Unarmed Combat


You had 2 spell levels left.
You didn't know any spells.

Dungeon Overview and Level Annotations

Branches:
Dungeon (3/15)

Altars:


Innate Abilities, Weirdness & Mutations

You have a pair of small antennae on your head.
You have large cloven feet.


Message History

The bullfrog hits you but does no damage.
You hit the bullfrog.
The bullfrog is heavily wounded.
The bullfrog closely misses you.
You miss the bullfrog.
The bullfrog is heavily wounded.
The bullfrog hits you. The bullfrog closely misses you.
You take 3 damage, and have 13/27 hp.
You hit the bullfrog.
You kick the bullfrog, but do no damage.
The bullfrog is heavily wounded.
The bullfrog hits you.
You take 4 damage, and have 9/27 hp.
You hit the bullfrog.
You kick the bullfrog, but do no damage.
The bullfrog is severely wounded.
The bullfrog hits you!
* * * LOW HITPOINT WARNING * * *
The bullfrog hits you.
You die...

#........
#........
#........
#........
#........
#........
#g.......
#F# #@#
#.#
###.#.#.#
#.......#
#.#.#.###
#.#.#...
#.#.# #..
#.#.#
....
#.#.# ...


You could see a bullfrog and a goblin.

Vanquished Creatures
  An adder (D:2)
  A worm (D:2)
  2 dart slugs (D:1)
  5 leopard geckos
  2 ball pythons (D:1)
  5 giant cockroaches
  3 goblins (D:1)
  6 hobgoblins
  6 bats
  A frilled lizard (D:2)
  3 kobolds
  7 rats
42 creatures vanquished.

Notes
Turn   | Place    | Note
-------+----------+-------------------------------------------
     0 | D:1      | Goblin1989 the Demonspawn Assassin began the quest for the Orb.
     0 | D:1      | Reached XP level 1. HP: 16/16 MP: 1/1
   112 | D:1      | Gained mutation: You have large cloven feet. [demonic ancestry]
   112 | D:1      | Reached XP level 2. HP: 22/22 MP: 2/2
   490 | D:1      | Reached skill level 1 in Unarmed Combat
   916 | D:1      | Gained mutation: You have a pair of small antennae on your head. [demonic ancestry]
   916 | D:1      | Reached XP level 3. HP: 27/27 MP: 3/3
  2025 | D:3      | Noticed a bullfrog
  2037 | D:3      | Slain by a bullfrog

Vault maps used:
D:1:      elethiomel_arrival_shortcut, st_stairs_14
D:3:      guppyfry_early_lair_pool

Skill      XL: |  1  2  3 |
---------------+----------+-----
Short Blades   | 2 |  2.3
Unarmed Combat | 1 2 |  2.6
Fighting       | |  2.0
Throwing       | |  1.7
Dodging        | |  0.8
Stealth        | |  3.7

Action                   || total
-------------------------++-------
Melee: Dagger            ||   142
       Kick              ||    22
       Punch             ||     1
 Stab: Sleeping          ||     4
  Eat: Chunk             ||     4
Armor: Robe              ||    33
Dodge: Dodged            ||    75
